 Dungeon Crawl Stone Soup version 0.24-a0-335-g06ca16a (webtiles) character file.

Game seed: 3390836110178337156

81744 mhoghedin the Thaumaturge (level 15, -2/115 HPs)
             Began as a Mummy Fire Elementalist on May 19, 2019.
             Was a High Priest of Vehumet.
             Slain by a centaur (9 damage)
             ... on level 14 of the Dungeon.
             The game lasted 01:30:33 (28778 turns).

mhoghedin the Thaumaturge (MuFE)                   Turns: 28778, Time: 01:30:34

Health: -2/115     AC: 12    Str: 12    XL:     15   Next: 27%
Magic:  3/32       EV: 20    Int: 20    God:    Vehumet [*****.]
Gold:   954        SH:  0    Dex: 22    Spells: 1/40 levels left

rFire    + . .     SeeInvis +   b - +4 demon whip (pain)
rCold    . . .     Gourm    .   (no shield)
rNeg     + + +     Faith    .   x - +1 robe of the Unseen Realm {rElec MR+ Dex+4}
rPois    ∞         Spirit   .   p - +2 helmet {SInv}
rElec    +         Reflect  .   i - +1 cloak
rCorr    .         Harm     .   E - +2 pair of gloves
MR       ++...                  l - +0 pair of boots
Stlth    ++........             (no amulet)
HPRegen  0.29/turn              c - ring of Duirha {rF+ rN+ Dex+5 Slay+3}
MPRegen  0.23/turn              m - ring of fire {rF+, rC-}

@: very slightly contaminated
A: no food or potions, fire vulnerability, cold resistance 1, negative energy
resistance 3, torment resistance, unbreathing, in touch with death 1
a: Renounce Religion


You were on level 14 of the Dungeon.
You worshipped Vehumet.
Vehumet was extremely pleased with you.
You were not hungry.

You visited 3 branches of the dungeon, and saw 21 of its levels.

You collected 1281 gold pieces.
You spent 327 gold pieces at shops.

Inventory:

Hand Weapons
 b - a +4 demon whip of pain (weapon)
   (You found it on level 4 of the Lair of Beasts)
 G - a +3 dagger of venom
   (You took it off an orc priest on level 5 of the Dungeon)
Missiles
 n - 9 throwing nets {=f, !d}
 y - 7 curare-tipped darts (quivered)
Armour
 i - a +1 cloak (worn)
   (You found it on level 3 of the Dungeon)
 l - a +0 pair of boots (worn)
   (You found it on level 4 of the Dungeon)
 p - a +2 helmet of see invisible (worn)
   (You bought it in a shop on level 6 of the Dungeon)
 q - a +0 robe of fire resistance
   (You bought it in a shop on level 6 of the Dungeon)
 x - the +1 robe of the Unseen Realm (worn) {rElec MR+ Dex+4}
   (You found it on level 8 of the Dungeon)

   It affects your dexterity (+4).
   It insulates you from electricity.
   It affects your resistance to hostile enchantments.
 E - a +2 pair of gloves (worn)
   (You found it on level 12 of the Dungeon)
Magical Staves
 a - an uncursed staff of conjuration {!a}
   (You found it on level 7 of the Dungeon)
 g - an uncursed staff of death {rN+}
   (You found it on level 6 of the Dungeon)
 u - an uncursed staff of earth
   (You found it on level 8 of the Dungeon)
Jewellery
 c - the ring of Duirha (left hand) {rF+ rN+ Dex+5 Slay+3}
   (You acquired it on level 14 of the Dungeon)

   [ring of protection from fire]

   It affects your dexterity (+5).
   It affects your accuracy and damage with ranged weapons and melee attacks
   (+3).
   It protects you from fire.
   It protects you from negative energy.
 m - a ring of fire (right hand) {rF+, rC-}
   (You found it on level 4 of the Dungeon)
Wands
 h - a wand of digging (20)
   (You found it on level 2 of the Dungeon)
 o - a wand of polymorph (26)
   (You took it off Edmund on level 4 of the Dungeon)
 r - a wand of flame (29)
   (You took it off Pikel on level 6 of the Dungeon)
 s - a wand of paralysis (34)
   (You found it on level 7 of the Dungeon)
 t - a wand of random effects (15)
   (You found it on level 7 of the Dungeon)
 A - a wand of iceblast (14)
   (You took it off Maurice on level 10 of the Dungeon)
 C - a wand of disintegration (15)
   (You found it on level 6 of the Lair of Beasts)
 D - a wand of clouds (2)
   (You took it off an orc on level 10 of the Dungeon)
 F - a wand of acid (5)
   (You found it on level 13 of the Dungeon)
Scrolls
 e - 2 scrolls of immolation {!r}
 f - 2 scrolls of identify
 j - 3 scrolls of teleportation
 k - 5 scrolls of remove curse
 z - 3 scrolls of magic mapping {!r}
Miscellaneous
 w - a phantom mirror
 B - a fan of gales
   (You found it on level 3 of the Lair of Beasts)
 V - a crystal ball of energy
   (You found it on level 6 of the Lair of Beasts)


   Skills:
 - Level 10.0 Fighting
 + Level 2.7 Maces & Flails
 - Level 8.6 Dodging
 - Level 1.5 Stealth
 - Level 13.3 Spellcasting
 - Level 12.0 Conjurations
 - Level 3.2 Charms
 + Level 3.3 Necromancy
 - Level 2.6 Translocations
 - Level 6.5 Transmutations
 - Level 9.5 Fire Magic
 - Level 3.2 Ice Magic


You had one spell level left.
You knew the following spells:

 Your Spells              Type           Power        Failure   Level  Hunger
a - Flame Tongue          Conj/Fire      #####        1%          1    N/A
b - Inner Flame           Hex/Fire       #####...     1%          3    N/A
c - Conjure Flame         Conj/Fire      ######..     1%          3    N/A
d - Ignite Poison         Fire/Tmut/Pois ######..     1%          3    N/A
e - Mephitic Cloud        Conj/Pois/Air  ####....     1%          3    N/A
f - Fireball              Conj/Fire      ######....   1%          5    N/A
g - Irradiate             Conj/Tmut      ######....   1%          5    N/A
h - Blink                 Tloc           N/A          2%          2    N/A
i - Bolt of Draining      Conj/Necr      ######....   1%          5    N/A
s - Sticky Flame          Conj/Fire      ######..     1%          4    N/A
x - Throw Flame           Conj/Fire      ######       1%          2    N/A
A - Ozocubu's Armour      Chrm/Ice       ####....     3%          3    N/A

Your spell library contained the following spells:

 Spells                   Type           Power        Failure   Level  Hunger
 Freeze                   Ice            ####         1%          1    N/A
 Infusion                 Chrm           ####         1%          1    N/A
 Magic Dart               Conj           ####         1%          1    N/A
 Summon Butterflies       Summ           ##......     4%          1    N/A
 Summon Small Mammal      Summ           ##..         4%          1    N/A
 Song of Slaying          Chrm           ####....     1%          2    N/A
 Sticks to Snakes         Tmut           #####...     1%          2    N/A
 Throw Frost              Conj/Ice       #####.       1%          2    N/A
 Throw Icicle             Conj/Ice       #####...     1%          4    N/A
 Shroud of Golubria       Chrm/Tloc      ####......   2%          2    N/A
 Call Imp                 Summ           ##......     8%          2    N/A
 Slow                     Hex            ##......     8%          2    N/A
 Spectral Weapon          Hex/Chrm       ###.....     8%          3    N/A
 Yara's Violent Unravell  Hex/Tmut       ####......   10%         5    N/A
 Call Canine Familiar     Summ           ##......     14%         3    N/A
 Summon Guardian Golem    Hex/Summ       ##......     14%         3    N/A
 Summon Ice Beast         Ice/Summ       ###.....     26%         4    N/A
 Cause Fear               Hex            ##........   43%         4    N/A
 Summon Lightning Spire   Summ/Air       ##......     43%         4    N/A
 Silence                  Hex/Air        ##........   80%         5    N/A
 Summon Mana Viper        Hex/Summ       ##......     80%         5    N/A
 Deflect Missiles         Chrm/Air       ###.......   98%         6    N/A
 Summon Hydra             Summ           ##........   100%        7    N/A
 Discord                  Hex            ##........   100%        8    N/A
 Beastly Appendage        Tmut           Unusable     N/A         1    N/A
 Regeneration             Chrm/Necr      Unusable     N/A         3    N/A
 Spider Form              Tmut/Pois      Unusable     N/A         3    N/A
 Ice Form                 Ice/Tmut       Unusable     N/A         4    N/A
 Blade Hands              Tmut           Unusable     N/A         5    N/A

Dungeon Overview and Level Annotations

Branches:
Dungeon (14/15)            Temple (1/1) D:6            Lair (6/6) D:8
  Swamp (0/4) Lair:2       Spider (0/4) Lair:4        Slime (0/5) Lair:6
    Orc (0/2) D:10         Vaults (0/5) D:13

Altars:
Ashenzari
Cheibriados
Dithmenos
Elyvilon
Fedhas
Gozag
Hepliaklqana
Kikubaaqudgha
Makhleb
Nemelex Xobeh
Okawaru
Qazlal
Ru
Sif Muna
Trog
Uskayaw
Vehumet
Wu Jian
Xom
Yredelemnul
Zin
The Shining One

Shops:
D:6 *   D:10 }

Annotations:
D:2 exclusion: Sigmund, Natasha, Sigmund
D:11 1 runed translucent door, Borgoz's ghost, journeyman MiGl


Innate Abilities, Weirdness & Mutations

You do not eat or drink.
Your flesh is vulnerable to fire.
You are immune to poison.
Your flesh is cold resistant. (rC+)
You are immune to negative energy. (rN+++)
You are immune to unholy pain and torment.
You can survive without breathing.
You are in touch with the powers of death.


Message History

You feel your power returning.
The bolt of negative energy misses the white ugly thing.
The bolt of negative energy hits the white ugly thing!!
The white ugly thing is drained!
The bolt of negative energy hits the white ugly thing!!
The white ugly thing is drained!
You now have 8/32 mp.
Aim: a white ugly thing You feel a strong surge of power!
You miscast Bolt of Draining.
Nothing appears to happen.
The white ugly thing closely misses you.
You now have 3/32 mp.
Pain shudders through your bandage-wrapped arm!
b - a +4 demon whip of pain (weapon)
You whack the white ugly thing! The white ugly thing headbutts you.
The white ugly thing freezes you!!
You take 34 damage, and have 73/115 hp.
MASSIVE DAMAGE!!
You whack the white ugly thing!
The white ugly thing headbutts you but does no damage.
You whack the white ugly thing!
The white ugly thing writhes in agony.
The white ugly thing headbutts you. The white ugly thing freezes you!!
You take 36 damage, and have 37/115 hp.
MASSIVE DAMAGE!!
As you read the scroll of teleportation, it crumbles to dust.
You feel strangely unstable. The white ugly thing headbutts you!
* * * LOW HITPOINT WARNING * * *
The white ugly thing freezes you!!
* * * LOW HITPOINT WARNING * * *
You take 33 damage, and have 4/115 hp.
MASSIVE DAMAGE!!
Your icy armour cracks and falls away as you move.
There is an open door here.
Your surroundings seem slightly different.
As you read the scroll of teleportation, it crumbles to dust.
You feel strangely unstable.
The white ugly thing basks in the mutagenic energy from its kin and changes!
Your surroundings suddenly seem different.
Found a fuming white potion.
Found a stone staircase leading down. 3 redbacks, 5 kobolds and a big kobold come into view.
Okay, then.
Unknown command.
Okay, then.
Unknown command.
As you read the scroll of teleportation, it crumbles to dust.
You feel strangely unstable.
The big kobold shouts!
The kobold shouts!
You erupt in a fountain of uncontrolled magic!
The redback is blasted with magical radiation!!!
You kill the redback!
Vehumet accepts your kill.
You feel your power returning.
The redback is blasted with magical radiation!!
The redback twists and deforms.
The redback is blasted with magical radiation!!
You kill the redback!
Vehumet accepts your kill.
You feel your power returning.
The kobold shouts! x3
The redback misses you.
Okay, then.
Unknown command.
Okay, then.
Unknown command.
You feel a surge of power!
You miscast Fireball.
Strange energies run through your body. The redback closely misses you.
The kobold throws a poisoned dart.
The poisoned dart closely misses you. The redback barely misses you.
You now have 1/32 mp.
Aim: a redback (severely wounded, misshapen and mutated, clinging)
You feel a surge of power!
The flame tongue hits the redback!
You kill the redback!
Vehumet accepts your kill.
You feel your power returning.
You regained 2 mp, and now have 3/32 mp.
Your surroundings suddenly seem different.
A centaur comes into view.
The centaur shouts!
A centaur comes into view.
The centaur shouts!
A centaur comes into view.
The centaur shouts!
A centaur comes into view.
The centaur shouts!
The centaur misses you. The centaur barely misses you. x2
The centaur hits you but does no damage.
Found a sparkling altar of Nemelex Xobeh.
You hit the centaur. The centaur closely misses you.
The centaur hits you but does no damage. x2
The centaur hits you.
* * * LOW HITPOINT WARNING * * *
The centaur barely misses you.
You take 1 damage, and have 6/115 hp.
Okay, then.
Unknown command.
You hit the centaur. The centaur misses you. The centaur hits you!
You die...

#......#
#≈≈≈≈≈≈#
##≈≈≈≈≈≈##
#≈≈≈≈≈≈≈≈#
≈≈≈≈≈≈≈≈##
#≈≈≈≈≈≈≈#
#.c_c.#
#.c@c.#
#######


You could see 4 centaurs.

Vanquished Creatures
  2 entropy weavers (Lair:6)
  Josephine (D:13)
  5 vault guards (D:13)
  Harold (D:9)
  Erolcha (D:9)
  3 hydras
  A catoblepas (Lair:6)
  Erica (D:7)
  6 two-headed ogres
  A queen ant (Lair:6)
  A deep troll shaman (Lair:6)
  16 death yaks
  A tengu warrior (D:14)
  An ogre mage (D:13)
  Sonja (Lair:1)
  Urug (D:10)
  3 unseen horrors
  A wizard (D:14)
  A lindwurm (Lair:6)
  Pikel (D:6)
  An orc sorcerer (D:13)
  7 ugly things
  4 cyclopes
  A deep elf mage (D:12)
  19 elephants
  Psyche (D:9)
  Joseph (D:9)
  7 black mambas
  Maurice (D:10)
  A torpor snail (Lair:4)
  4 centaur skeletons
  A gargoyle (D:11)
  6 spiny frogs
  7 komodo dragons
  A yaktaur (D:13)
  A kobold demonologist (D:12)
  3 rime drakes
  4 trolls
  3 tyrant leeches (Lair:2)
  4 polar bears
  Prince Ribbit (D:8)
  14 blink frogs
  8 hippogriffs
  3 slime creatures
  A dream sheep (Lair:4)
  A vampire (D:14)
  6 wraiths
  A shadow (D:14)
  37 yaks
  3 redbacks (D:14)
  A spriggan (D:8)
  2 basilisks
  Grum (D:10)
  A steam dragon (D:10)
  4 vampire mosquitoes (D:12)
  Edmund (D:4)
  2 acid dragons
  22 soldier ants
  14 water moccasins
  9 porcupines
  3 orc warriors
  2 slaves (D:6)
  An ice beast (D:12)
  5 sky beasts
  A phantom (D:11)
  7 ogres
  19 wolves
  7 centaurs
  18 crocodiles
  3 big kobolds
  9 bullfrogs
  A wyvern zombie (D:12)
  2 gnoll sergeants
  4 scorpions
  A water moccasin skeleton (D:7)
  8 killer bees
  4 wights (D:12)
  2 electric eels (Lair:5)
  3 howler monkeys
  2 crimson imps
  A bullfrog zombie (D:12)
  3 centaur zombies
  6 hounds
  17 jellies
  A gnoll shaman (D:7)
  5 orc priests
  6 orc wizards
  A bullfrog skeleton (D:11)
  7 iguanas
  Natasha (twice) (D:2)
  23 worker ants
  A hound zombie (D:10)
  2 howler monkey zombies
  A worker ant zombie (D:11)
  9 adders
  14 gnolls
  4 shadow imps
  An ooze (D:3)
  3 worms
  4 dart slugs
  2 leopard geckos
  30 orcs
  8 giant cockroaches
  5 goblins
  7 hobgoblins
  13 jackals
  3 quokkas
  A ball python (D:1)
  4 bats
  2 frilled lizards
  10 kobolds
  8 rats
  4 fungi
  A plant (Lair:5)
569 creatures vanquished.

Vanquished Creatures (collateral kills)
  A bullfrog (D:9)
1 creature vanquished.

Vanquished Creatures (others)
  A komodo dragon (D:11)
  A bullfrog (D:11)
  A killer bee (D:11)
  A jelly (D:11)
  2 hounds
  A worker ant (Lair:6)
  An adder (D:6)
  An orc (D:6)
  21 fungi
  12 plants
42 creatures vanquished.

Grand Total: 612 creatures vanquished

Notes
Turn   | Place    | Note
-------+----------+-------------------------------------------
     0 | D:1      | mhoghedin the Mummy Fire Elementalist began the quest for
                  | the Orb.
     0 | D:1      | Reached XP level 1. HP: 13/13 MP: 4/4
    63 | D:1      | Reached skill level 1 in Conjurations
   265 | D:1      | Reached skill level 3 in Spellcasting
   345 | D:1      | Reached XP level 2. HP: 18/19 MP: 3/6
   520 | D:1      | Learned a level 2 spell: Throw Flame
   889 | D:2      | Reached XP level 3. HP: 24/24 MP: 0/7
  1187 | D:2      | Found an ornate altar of the Wu Jian Council.
  1187 | D:2      | Noticed Natasha
  1378 | D:2      | Found a bloodstained altar of Trog.
  1415 | D:2      | Reached skill level 3 in Fire Magic
  1645 | D:2      | Found a sparkling altar of Nemelex Xobeh.
  1657 | D:2      | Reached XP level 4. HP: 22/30 MP: 7/9
  1700 | D:2      | Killed Natasha
  1700 | D:2      | Reached skill level 4 in Spellcasting
  1700 | D:2      | Reached skill level 2 in Conjurations
  1814 | D:2      | Noticed Sigmund
  1898 | D:2      | Noticed Natasha
  1901 | D:2      | Killed Natasha
  1910 | D:2      | Noticed Natasha
  1952 | D:2      | Learned a level 3 spell: Conjure Flame
  1956 | D:2      | Learned a level 3 spell: Inner Flame
  2106 | D:3      | Reached XP level 5. HP: 35/35 MP: 7/11
  3353 | D:4      | Found a sacrificial altar of Ru.
  3439 | D:4      | Found a glowing golden altar of the Shining One.
  3463 | D:4      | Reached skill level 5 in Spellcasting
  3463 | D:4      | Reached XP level 6. HP: 38/41 MP: 0/13
  3723 | D:4      | Reached skill level 3 in Conjurations
  3730 | D:4      | Learned a level 4 spell: Sticky Flame
  3865 | D:4      | Reached skill level 4 in Fire Magic
  4249 | D:4      | Found a burning altar of Makhleb.
  4256 | D:4      | Found a blossoming altar of Fedhas.
  4282 | D:4      | Noticed Edmund
  4295 | D:4      | Killed Edmund
  4295 | D:4      | Reached XP level 7. HP: 46/46 MP: 6/15
  4595 | D:5      | Entered Level 5 of the Dungeon
  4686 | D:5      | Reached skill level 6 in Spellcasting
  4804 | D:5      | Learned a level 5 spell: Fireball
  4904 | D:5      | Reached skill level 4 in Conjurations
  5609 | D:6      | Found Cipidghae's Assorted Antiques.
  5623 | D:6      | Got a black opal-studded chain mail
  5624 | D:6      | Identified the +3 chain mail of the Tundras {Str-3 Dex+3}
                  | (You found it on level 6 of the Dungeon)
  5707 | D:6      | Bought a runed helmet for 165 gold pieces
  5707 | D:6      | Bought an embroidered robe for 81 gold pieces
  5707 | D:6      | Bought a glowing robe for 81 gold pieces
  5814 | D:6      | Found a snail-covered altar of Cheibriados.
  5876 | D:6      | Reached skill level 7 in Spellcasting
  5876 | D:6      | Reached skill level 5 in Fire Magic
  5876 | D:6      | Reached XP level 8. HP: 44/52 MP: 11/18
  6022 | D:6      | Found a staircase to the Ecumenical Temple.
  6043 | Temple   | Entered the Ecumenical Temple
  6090 | Temple   | Became a worshipper of Vehumet
  6954 | D:7      | Reached skill level 5 in Conjurations
  6972 | D:7      | HP: 7/52 [ogre/+0 giant spiked club (16)]
  6978 | D:7      | Reached skill level 8 in Spellcasting
  7057 | D:7      | Noticed Pikel
  7595 | D:6      | Killed Pikel
  7595 | D:6      | Reached skill level 6 in Fire Magic
  7595 | D:6      | Reached XP level 9. HP: 24/57 MP: 2/21
  8076 | D:7      | Found a sparkling altar of Nemelex Xobeh.
  8497 | D:7      | Reached skill level 9 in Spellcasting
  8631 | D:7      | Reached skill level 6 in Conjurations
  8789 | D:8      | Noticed Erica
  8794 | D:7      | Reached * piety under Vehumet
  8794 | D:7      | Offered knowledge of Freeze by Vehumet.
  8884 | D:7      | Killed Erica
  8884 | D:7      | Reached skill level 7 in Fire Magic
  9184 | D:8      | Noticed a komodo dragon
  9211 | D:8      | Killed a komodo dragon
  9211 | D:8      | Reached skill level 7 in Conjurations
  9320 | D:8      | Noticed Prince Ribbit
  9330 | D:8      | Killed Prince Ribbit
  9340 | D:8      | Reached XP level 10. HP: 57/63 MP: 0/23
  9483 | D:8      | Noticed a two-headed ogre
  9508 | D:8      | Killed a two-headed ogre
  9508 | D:8      | Reached skill level 8 in Fire Magic
  9691 | D:8      | Found a staircase to the Lair.
  9755 | D:8      | Reached skill level 8 in Conjurations
  9788 | D:8      | Noticed a two-headed ogre
  9805 | D:8      | Killed a two-headed ogre
  9928 | D:8      | Got a ripped robe
  9985 | D:8      | Identified the +1 robe of the Unseen Realm {rElec MR+
                  | Dex+4} (You found it on level 8 of the Dungeon)
 10161 | Lair:1   | Entered Level 1 of the Lair of Beasts
 10181 | Lair:1   | Got a crude robe
 10200 | Lair:1   | Reached ** piety under Vehumet
 10214 | Lair:1   | Reached skill level 9 in Fire Magic
 10224 | Lair:1   | Offered knowledge of Sting by Vehumet.
 10330 | Lair:1   | Noticed a spiny frog
 10345 | Lair:1   | Killed a spiny frog
 10345 | Lair:1   | Reached skill level 9 in Conjurations
 10388 | Lair:1   | Noticed a black mamba
 10402 | Lair:1   | Killed a black mamba
 10693 | Lair:1   | Identified the +0 robe of the Morning Star {rPois Int+5
                  | Dex-3} (You found it on level 1 of the Lair of Beasts)
 10709 | Lair:1   | Learned a level 3 spell: Ozocubu's Armour
 10745 | Lair:1   | Noticed Sonja
 10749 | Lair:1   | Killed Sonja
 10749 | Lair:1   | Reached skill level 1 in Fighting
 10794 | Lair:1   | Reached skill level 2 in Dodging
 10794 | Lair:1   | Reached XP level 11. HP: 62/70 MP: 18/24
 10848 | Lair:1   | Reached skill level 1 in Charms
 10848 | Lair:1   | Reached skill level 1 in Ice Magic
 11285 | Lair:2   | Found a staircase to the Swamp.
 11317 | Lair:2   | Reached skill level 2 in Fighting
 11664 | Lair:2   | Reached skill level 2 in Charms
 11664 | Lair:2   | Reached skill level 2 in Ice Magic
 12197 | Lair:2   | Reached skill level 3 in Dodging
 12492 | Lair:3   | Reached skill level 3 in Fighting
 12707 | Lair:3   | Reached skill level 3 in Ice Magic
 12714 | Lair:3   | Reached skill level 3 in Charms
 13078 | Lair:3   | Reached skill level 4 in Fighting
 13213 | Lair:3   | Reached skill level 4 in Dodging
 13599 | Lair:3   | Offered knowledge of Ignite Poison by Vehumet.
 13599 | Lair:3   | Reached skill level 5 in Fighting
 13613 | Lair:3   | Reached skill level 5 in Dodging
 13821 | Lair:3   | Found an ancient bone altar of Kikubaaqudgha.
 14052 | Lair:4   | Learned a level 3 spell: Ignite Poison
 14070 | Lair:4   | Reached XP level 12. HP: 32/87 MP: 18/25
 14082 | Lair:4   | Reached skill level 6 in Fighting
 14392 | Lair:4   | Reached *** piety under Vehumet
 14623 | Lair:4   | Found a hole to the Spider Nest.
 14929 | Lair:4   | Noticed a death yak
 14939 | Lair:4   | Killed a death yak
 14939 | Lair:4   | Reached skill level 7 in Fighting
 14939 | Lair:4   | Reached skill level 6 in Dodging
 14941 | Lair:4   | HP: 21/91 [water moccasin (5)]
 15687 | Lair:4   | Offered knowledge of Mephitic Cloud by Vehumet.
 15692 | Lair:4   | Learned a level 3 spell: Mephitic Cloud
 16028 | Lair:5   | Noticed an eight-headed hydra
 16104 | Lair:5   | Killed an eight-headed hydra
 16271 | Lair:5   | Reached skill level 8 in Fighting
 16271 | Lair:5   | Reached skill level 7 in Dodging
 16650 | Lair:5   | Reached **** piety under Vehumet
 16898 | Lair:5   | Reached skill level 9 in Fighting
 16923 | Lair:5   | Offered knowledge of Irradiate by Vehumet.
 16923 | Lair:5   | Reached skill level 8 in Dodging
 17410 | Lair:6   | Entered Level 6 of the Lair of Beasts
 17436 | Lair:6   | Noticed a six-headed hydra
 17505 | Lair:6   | Killed a six-headed hydra
 17739 | Lair:6   | Identified a scroll of acquirement
 17743 | Lair:6   | Got a faintly humming buckler
 17749 | Lair:6   | Identified the +2 buckler "Umneafifi" {rElec rF+ Int-5}
                  | (You acquired it on level 6 of the Lair of Beasts)
 17868 | Lair:6   | Reached skill level 10 in Spellcasting
 17868 | Lair:6   | Gained mutation: You are in touch with the powers of death.
                  | [Mummy growth]
 17868 | Lair:6   | Reached XP level 13. HP: 95/101 MP: 10/27
 17875 | Lair:6   | Learned a level 5 spell: Irradiate
 18237 | Lair:6   | Noticed an entropy weaver
 18345 | Lair:6   | Reached skill level 1 in Transmutations
 18782 | Lair:6   | Killed an entropy weaver
 18782 | Lair:6   | Reached skill level 2 in Transmutations
 18794 | Lair:6   | Reached skill level 3 in Transmutations
 19080 | Lair:6   | Reached skill level 4 in Transmutations
 19185 | Lair:5   | Reached ***** piety under Vehumet
 19318 | Lair:6   | Reached skill level 5 in Transmutations
 19552 | Lair:6   | Offered knowledge of Freezing Cloud by Vehumet.
 19706 | Lair:6   | Noticed an entropy weaver
 19714 | Lair:6   | Killed an entropy weaver
 19943 | Lair:6   | Reached skill level 10 in Conjurations
 19969 | Lair:6   | Reached skill level 6 in Transmutations
 20954 | Lair:6   | Reached XP level 14. HP: 107/108 MP: 11/28
 21077 | Lair:6   | Reached skill level 11 in Conjurations
 21641 | Lair:6   | Found a staircase to the Slime Pits.
 22354 | D:9      | Noticed Joseph
 22368 | D:9      | Killed Joseph
 22674 | D:9      | Noticed Psyche
 22679 | D:9      | Killed Psyche
 22696 | D:9      | Noticed Harold
 22702 | D:9      | Killed Harold
 22853 | D:9      | Noticed Erolcha
 22861 | D:9      | Killed Erolcha
 22861 | D:9      | Reached skill level 12 in Conjurations
 23124 | D:9      | Found an opulent altar of Gozag.
 23187 | D:10     | Entered Level 10 of the Dungeon
 23188 | D:10     | Noticed Urug
 23197 | D:10     | Killed Urug
 23197 | D:10     | Offered knowledge of Poison Arrow by Vehumet.
 23319 | D:10     | Learned a level 2 spell: Blink
 23359 | D:10     | Found Serurchualo's Gadget Boutique.
 23385 | D:10     | Found a staircase to the Orcish Mines.
 23574 | D:10     | Reached skill level 1 in Translocations
 23597 | D:10     | Noticed Maurice
 23601 | D:10     | Killed Maurice
 23601 | D:10     | Reached skill level 2 in Translocations
 23760 | D:10     | Got a steaming brass ring
 23762 | D:10     | Identified the ring "Kizinownemn" {rPois rN++ MP+9 Int-2
                  | Slay+2} (You acquired it on level 10 of the Dungeon)
 23872 | D:10     | Noticed Grum
 23877 | D:10     | Killed Grum
 24112 | D:11     | Found a runed translucent door.
 24113 | D:11     | Found a shimmering altar of Xom.
 24113 | D:11     | Noticed Borgoz's ghost (journeyman MiGl)
 24513 | D:11     | Found a shimmering altar of Xom.
 24902 | D:12     | Offered knowledge of Bolt of Draining by Vehumet.
 24902 | D:12     | Reached skill level 10 in Fighting
 25111 | D:12     | Reached skill level 11 in Spellcasting
 26269 | D:13     | Reached skill level 12 in Spellcasting
 26408 | D:13     | Noticed Josephine
 26417 | D:13     | Killed Josephine
 27024 | D:13     | Reached XP level 15. HP: 115/115 MP: 12/31
 27334 | D:13     | Reached skill level 13 in Spellcasting
 27546 | D:13     | Learned a level 5 spell: Bolt of Draining
 27566 | D:13     | Found a gate to the Vaults.
 28158 | D:14     | Reached skill level 1 in Necromancy
 28160 | D:14     | Reached skill level 1 in Maces & Flails
 28329 | D:14     | Reached skill level 2 in Necromancy
 28468 | D:14     | Reached skill level 2 in Maces & Flails
 28541 | D:14     | Got a heavily runed silver ring
 28542 | D:14     | Identified the ring of Duirha {rF+ rN+ Dex+5 Slay+3} (You
                  | acquired it on level 14 of the Dungeon)
 28649 | D:14     | Reached skill level 3 in Necromancy
 28764 | D:14     | HP: 4/115 [white ugly thing (25)]
 28776 | D:14     | Found a sparkling altar of Nemelex Xobeh.
 28777 | D:14     | HP: 6/115 [centaur (1)]
 28778 | D:14     | Slain by a centaur

Levels and vault maps discovered:
D:1:      minmay_arrival_radiant_lines, layout_rooms, glass_columns_c,
          minmay_splitting_lines, minmay_tromino_mix6
D:2:      layout_loops_ring, lemuel_round_altar, old_standard_altar,
          nemelex_xobeh_ov_fountains_minmay, uniq_sigmund, uniq_natasha
D:3:      layout_basic
D:4:      layout_cave_pods, nicolae_overflow_quartered_altars, first_ration,
          uniq_edmund
D:5:      layout_basic, minmay_misc_feat_enclosed, kennysheep_another_room
D:6:      layout_loops_cross, kennysheep_slug_shrine, minmay_temple_entry_ruins,
          serial_shops, shop, lemuel_flamethrower_2
D:7:      layout_gridville, basic_altar, uniq_pikel
D:8:      layout_basic, david_lair_shrubbed, kennysheep_diamond, the_bakery,
          uniq_erica, uniq_prince_ribbit1
D:9:      layout_loops_ring, lemuel_doored_altar, bh_walls_and_bars,
          uniq_erolcha, uniq_psyche, uniq_harold, uniq_joseph
D:10:     layout_cave_pools, orc_0_dummy, serial_shops, shop_fountains,
          minmay_misc_feat_chi, uniq_grum, uniq_urug, uniq_maurice
D:11:     layout_gridville, ebering_ghost_xom, xom_confusion_cloud
D:12:     layout_rooms
D:13:     layout_irregular_city, grunt_vaults_entry_fortified, uniq_josephine
D:14:     layout_basic, elyvilon_altar_3, lemuel_centaur_altar
Temple:   nicolae_temple_god_jail
Lair:1:   layout_cave_pods, st_stairs_4, uniq_sonja
Lair:2:   layout_roguey, minmay_swamp_entry_worms, infiniplex_staircase_pool
Lair:3:   layout_chaotic_city, basic_altar, grunt_megastairs_2
Lair:4:   layout_misc_corridors, spider_nest_entry_web_field, nzn_random_ring
Lair:5:   layout_roguey, serial_bayou_lagoon_b
Lair:6:   grunt_lair_end_beastmaster, layout_gridlike,
          minmay_slime_entry_jelly_boxes, zaba_anthell

Skill      XL: |  1  2  3  4  5  6  7  8  9 10 11 12 13 14 15 |
---------------+----------------------------------------------+-----
Conjurations   | 1 2 3 4 5 7 9 10 12 | 12.0
Spellcasting   | 3 4 5 7 8 9 10 12 13 | 13.3
Fire Magic     | 3 4 5 6 7 9 |  9.5
Fighting       | 1 5 9 10 | 10.0
Dodging        | 2 5 8 |  8.6
Charms         | 3 |  3.2
Ice Magic      | 3 |  3.2
Transmutations | 6 |  6.5
Translocations | 2 |  2.6
Necromancy     | 3 |  3.3
Maces & Flails | 2 |  2.7
Stealth        | |  1.5

Action                   |  1- 3 |  4- 6 |  7- 9 | 10-12 | 13-15 || total
-------------------------+-------+-------+-------+-------+-------++-------
Melee: Short sword       |    20 |    12 |    28 |       |       ||    60
       Dagger            |       |       |    17 |    11 |     6 ||    34
       Demon whip        |       |       |       |       |    14 ||    14
Throw: Dart              |       |       |       |       |     8 ||     8
 Cast: Flame Tongue      |    74 |   119 |   197 |   394 |   353 ||  1137
       Throw Flame       |     2 |     1 |    20 |    12 |       ||    35
       Sticky Flame      |       |     1 |    11 |    51 |    65 ||   128
       Inner Flame       |       |       |    14 |     6 |     1 ||    21
       Fireball          |       |       |     2 |    21 |    51 ||    74
       Conjure Flame     |       |       |     1 |     7 |     1 ||     9
       Ozocubu's Armour  |       |       |       |    11 |     5 ||    16
       Mephitic Cloud    |       |       |       |     6 |    25 ||    31
       Ignite Poison     |       |       |       |     4 |    16 ||    20
       Irradiate         |       |       |       |       |   115 ||   115
       Bolt of Draining  |       |       |       |       |    20 ||    20
       Blink             |       |       |       |       |     1 ||     1
Evoke: Wand              |       |       |       |     1 |     3 ||     4
  Use: Scroll            |     3 |     2 |     3 |     8 |    22 ||    38
Armor: Robe              |    18 |    24 |    26 |    50 |   108 ||   226
Dodge: Dodged            |    64 |    62 |   160 |   281 |   548 ||  1115

Table legend:
 A = Non-vault XP
 B = Vault XP
 C = Vault XP percentage of total XP
 D = Non-vault monster count
 E = Vault monster count
 F = Vault count percentage of total count
                 A         B        C        D         E       F
            +---------+---------+-------+---------+---------+-------
      Total |   75034 |   41744 |  35.7 |     417 |     147 |  26.1
            +---------+---------+-------+---------+---------+-------
        D:1 |      32 |       5 |  13.5 |      21 |       3 |  12.5
        D:2 |     101 |      35 |  25.7 |      19 |       1 |   5.0
        D:3 |     127 |       0 |   0.0 |      21 |       0 |   0.0
        D:4 |     285 |     162 |  36.2 |      16 |       1 |   5.9
        D:5 |     594 |       0 |   0.0 |      18 |       0 |   0.0
        D:6 |     399 |     621 |  60.9 |       8 |       2 |  20.0
        D:7 |    1039 |     897 |  46.3 |      27 |       1 |   3.6
        D:8 |    2992 |    1006 |  25.2 |      25 |       6 |  19.4
        D:9 |    1595 |    2964 |  65.0 |      11 |       4 |  26.7
       D:10 |    2761 |    1930 |  41.1 |      25 |       7 |  21.9
       D:11 |    2427 |     735 |  23.2 |      16 |       8 |  33.3
       D:12 |   11032 |       0 |   0.0 |      45 |       0 |   0.0
       D:13 |    2662 |    8795 |  76.8 |      15 |      14 |  48.3
       D:14 |    9225 |       0 |   0.0 |      23 |       0 |   0.0
     Lair:1 |    1693 |    1375 |  44.8 |       7 |       3 |  30.0
     Lair:2 |    2141 |     864 |  28.8 |      10 |       3 |  23.1
     Lair:3 |    6353 |     834 |  11.6 |      26 |       3 |  10.3
     Lair:4 |    1840 |    4316 |  70.1 |      13 |      16 |  55.2
     Lair:5 |   11629 |     146 |   1.2 |      35 |       1 |   2.8
     Lair:6 |   16107 |   17059 |  51.4 |      36 |      74 |  67.3
            +---------+---------+-------+---------+---------+-------

Levels and vault maps discovered:
D:1:      minmay_arrival_radiant_lines, layout_rooms, glass_columns_c,
          minmay_splitting_lines, minmay_tromino_mix6
D:2:      layout_loops_ring, lemuel_round_altar, old_standard_altar,
          nemelex_xobeh_ov_fountains_minmay, uniq_sigmund, uniq_natasha
D:3:      layout_basic
D:4:      layout_cave_pods, nicolae_overflow_quartered_altars, first_ration,
          uniq_edmund
D:5:      layout_basic, minmay_misc_feat_enclosed, kennysheep_another_room
D:6:      layout_loops_cross, kennysheep_slug_shrine, minmay_temple_entry_ruins,
          serial_shops, shop, lemuel_flamethrower_2
D:7:      layout_gridville, basic_altar, uniq_pikel
D:8:      layout_basic, david_lair_shrubbed, kennysheep_diamond, the_bakery,
          uniq_erica, uniq_prince_ribbit1
D:9:      layout_loops_ring, lemuel_doored_altar, bh_walls_and_bars,
          uniq_erolcha, uniq_psyche, uniq_harold, uniq_joseph
D:10:     layout_cave_pools, orc_0_dummy, serial_shops, shop_fountains,
          minmay_misc_feat_chi, uniq_grum, uniq_urug, uniq_maurice
D:11:     layout_gridville, ebering_ghost_xom, xom_confusion_cloud
D:12:     layout_rooms
D:13:     layout_irregular_city, grunt_vaults_entry_fortified, uniq_josephine
D:14:     layout_basic, elyvilon_altar_3, lemuel_centaur_altar
Temple:   nicolae_temple_god_jail
Lair:1:   layout_cave_pods, st_stairs_4, uniq_sonja
Lair:2:   layout_roguey, minmay_swamp_entry_worms, infiniplex_staircase_pool
Lair:3:   layout_chaotic_city, basic_altar, grunt_megastairs_2
Lair:4:   layout_misc_corridors, spider_nest_entry_web_field, nzn_random_ring
Lair:5:   layout_roguey, serial_bayou_lagoon_b
Lair:6:   grunt_lair_end_beastmaster, layout_gridlike,
          minmay_slime_entry_jelly_boxes, zaba_anthell

Table legend:
 A = Turns spent in this place as a percentage of turns spent in the entire game.
 B = Non-inter-level travel turns spent in this place as a percentage of non-inter-level travel turns spent in the entire game.
 C = Inter-level travel turns spent in this place as a percentage of turns spent in this place.
 D = Turns resting spent in this place as a percentage of non-inter-level travel turns spent in this place.
 E = Turns spent auto-exploring this place as a percentage of non-inter-level travel turns spent in this place.
 F = Non-inter-level travel turns spent in this place divided by the number of levels of this place that you've seen.
                   A       B       C       D       E      F
               +-------+-------+-------+-------+-------+----------------------
         Total | 100.0 | 100.0 |   4.8 |  44.5 |  35.7 | 1304.8
       Dungeon |  57.3 |  57.3 |   4.7 |  43.8 |  36.8 | 1121.6
        Temple |   0.2 |   0.2 |  27.3 |   0.0 |  79.2 |  48.0
          Lair |  42.5 |  42.5 |   4.7 |  45.6 |  34.2 | 1941.5
               +-------+-------+-------+-------+-------+----------------------

Table legend:
 A = Kills in this place as a percentage of kills in entire the game.
 B = Kills by you in this place as a percentage of kills by you in the entire game.
 C = Kills by friends in this place as a percentage of kills by friends in the entire game.
 D = Other kills in this place as a percentage of other kills in the entire game.
 E = Experience gained in this place as a percentage of experience gained in the entire game.
 F = Experience gained in this place divided by the number of levels of this place that you have seen.
                   A       B       C       D       E      F
               +-------+-------+-------+-------+-------+----------------------
         Total | 100.0 | 100.0 | 100.0 | 100.0 | 100.0 | 5560.9
       Dungeon |  59.8 |  59.6 | 100.0 |  66.7 |  44.9 | 3744.4
          Lair |  40.2 |  40.4 |   0.0 |  33.3 |  55.1 | 10726.2
               +-------+-------+-------+-------+-------+----------------------
